 Dungeon Crawl Stone Soup version 0.29-a0-1065-g47a6bb87d6 (webtiles) character file.

Game seed: 8590284357203593142

417 siradein the Grave Robber (level 6, -5/41 HPs)
             Began as a Demonspawn Necromancer on Aug 18, 2022.
             Slain by Pikel
             ... wielding a +2 whip of electrocution
              (9 damage)
             ... on level 4 of the Dungeon.
             The game lasted 00:12:08 (4596 turns).

siradein the Grave Robber (Demonspawn Necromancer)  Turns: 4596, Time: 00:12:09

Health: -5/41      AC:  7    Str:  8    XL:     6   Next: 61%
Magic:  7/13       EV: 12    Int: 22    God:
Gold:   119        SH:  0    Dex: 20    Spells: 9/14 levels left

rFire   . . .      SeeInvis .   d - +3 long sword (vorpal)
rCold   . . .      Faith    .   (no shield)
rNeg    + . .      Spirit   .   w - +0 leather armour
rPois   .          Reflect  .   k - +2 hat
rElec   .          Harm     .   (no cloak)
rCorr   .          Rampage  .   r - +0 pair of gloves
Will    .....                   g - +0 pair of boots
Stlth   ++........              (no amulet)
HPRegen 0.13/turn               m - +6 ring of dexterity
MPRegen 0.13/turn               o - ring of positive energy

@: no status effects
A: horns 2, big brain 2
a: no special abilities


You were on level 4 of the Dungeon.
You visited 1 branch of the dungeon, and saw 4 of its levels.

You collected 119 gold pieces.

Inventory:

Hand Weapons
 d - a +3 vorpal long sword (weapon)
 l - a +0 dagger
Missiles
 n - 2 throwing nets
Armour
 g - a +0 pair of boots (worn)
 k - a +2 hat (worn)
 r - a +0 pair of gloves (worn)
 w - a +0 leather armour (worn)
Jewellery
 e - a ring of ice
 m - a +6 ring of dexterity (left hand)
 o - a ring of positive energy (right hand)
 t - a ring of resist corrosion
Scrolls
 c - 2 scrolls of vulnerability {unknown}
 f - a scroll of magic mapping
 h - a scroll of silence {unknown}
 i - 5 scrolls of teleportation
 j - a scroll of blinking
Potions
 a - a potion of lignification
 b - 2 potions of magic
 p - 2 potions of curing
 q - a potion of heal wounds {unknown}
 s - a potion of mutation {unknown}
 u - a potion of degeneration {unknown}
 v - a potion of berserk rage {unknown}


   Skills:
 - Level 1.7 Dodging
 - Level 1.7 Stealth
 + Level 4.8 Spellcasting
 + Level 6.9 Necromancy


You had 9 spell levels left.
You knew the following spells:

 Your Spells              Type           Power      Damage    Failure   Level
a - Necrotise             Necr           100%       1d9       1%          1
b - Animate Dead          Necr           35%        N/A       9%          4

Your spell library contained the following spells:

 Spells                   Type           Power      Damage    Failure   Level
 Vampiric Draining        Necr           35%        2d8       2%          3
 Sting                    Tmut/Pois      20%        1d4       16%         1
 Poisonous Vapours        Pois/Air       10%        N/A       22%         2
 Agony                    Necr           35%        N/A       24%         5
 Olgreb's Toxic Radiance  Pois           5%         N/A       83%         4


Dungeon Overview and Level Annotations

Branches:
Dungeon (4/15)
 Temple: D:4-7

Altars:
Trog

Annotations:
D:4 Pikel


Innate Abilities, Weirdness & Mutations

You have a pair of horns on your head.
You have an extremely huge brain. (Int +4)


Message History

Casting: Necrotise (safe; 1% risk of failure)
Confirm with . or Enter, or press ? or * to list all spells.
Aiming: Necrotise (safe; 1% risk of failure)
Press: ? - help, Shift-Dir - straight line, f/p - Pikel
Aim: Pikel, wielding a +2 whip of electrocution and wearing a +0 robe (lightly wounded, chance to affect: 83%) Pikel writhes in agony!
Unknown command.
Casting: Necrotise (safe; 1% risk of failure)
Confirm with . or Enter, or press ? or * to list all spells.
Aiming: Necrotise (safe; 1% risk of failure)
Press: ? - help, Shift-Dir - straight line, f/p - Pikel
Aim: Pikel, wielding a +2 whip of electrocution and wearing a +0 robe (moderately wounded, chance to affect: 83%) Pikel barely resists.
Unknown command.
Casting: Necrotise (safe; 1% risk of failure)
Confirm with . or Enter, or press ? or * to list all spells.
Aiming: Necrotise (safe; 1% risk of failure)
Press: ? - help, Shift-Dir - straight line, f/p - Pikel
Aim: Pikel, wielding a +2 whip of electrocution and wearing a +0 robe (moderately wounded, chance to affect: 83%) Pikel barely resists.
Pikel hits you with a +2 whip of electrocution!
Unknown command.
Casting: Necrotise (safe; 1% risk of failure)
Confirm with . or Enter, or press ? or * to list all spells.
Aiming: Necrotise (safe; 1% risk of failure)
Press: ? - help, Shift-Dir - straight line, f/p - Pikel
Aim: Pikel, wielding a +2 whip of electrocution and wearing a +0 robe (moderately wounded, chance to affect: 83%) Pikel writhes in agony.
Pikel hits you with a +2 whip of electrocution.
You are electrocuted!
* * * LOW HITPOINT WARNING * * *
Casting: Necrotise (safe; 1% risk of failure)
Confirm with . or Enter, or press ? or * to list all spells.
Aiming: Necrotise (safe; 1% risk of failure)
Press: ? - help, Shift-Dir - straight line, f/p - Pikel
Aim: Pikel, wielding a +2 whip of electrocution and wearing a +0 robe (moderately wounded, chance to affect: 83%) Pikel writhes in agony.
The lemure shouts!
Pikel hits you with a +2 whip of electrocution!
You die...

##..........# ##..## ##..
###.....>..# #....# #.. ###
##.....### #....## #..
##.#####.....## #.....# ##.
#....##....### ###+###.....# ###
#........#..# #8#.#8#.....###..
.........#..# ##................
..........#.####.............####
................@K..5.5....###
..........................##
..........................#
........[....####........##
.............# #........#
..........#..# ###.....##
.........##.## ##...##
.......####.# ##### .....### #.#


You could see Pikel and 2 lemures.

Vanquished Creatures
  Eustachio (D:4)
  A lemure (D:4)
  A scorpion (D:4)
  2 hounds (D:4)
  A jelly (D:4)
  5 adders
  An ufetubus (D:3)
  2 worms (D:2)
  7 orcs
  3 endoplasms
  2 giant cockroaches (D:3)
  4 goblins
  6 hobgoblins
  4 quokkas
  5 ball pythons
  4 bats
  3 frilled lizards
  8 kobolds
  4 rats (D:1)
64 creatures vanquished.

Vanquished Creatures (collateral kills)
  A dart slug (D:1)
  An endoplasm (D:1)
  A giant cockroach (D:4)
3 creatures vanquished.

Grand Total: 67 creatures vanquished

Notes
Turn   | Place    | Note
-------+----------+-------------------------------------------
     0 | D:1      | siradein the Demonspawn Necromancer began the quest for the
                  | Orb.
     0 | D:1      | Reached XP level 1. HP: 13/13 MP: 3/3
   461 | D:1      | Gained mutation: You have a pair of small horns on your
                  | head. [demonic ancestry]
   461 | D:1      | Reached XP level 2. HP: 19/19 MP: 3/5
  1219 | D:2      | Reached skill level 5 in Necromancy
  1219 | D:2      | Gained mutation: You have an unusually large brain. (Int
                  | +2) [demonic ancestry]
  1219 | D:2      | Reached XP level 3. HP: 24/24 MP: 2/7
  2361 | D:3      | Found a faded altar of an unknown god.
  2517 | D:3      | Reached XP level 4. HP: 30/30 MP: 5/8
  2648 | D:3      | Noticed a phantom
  3043 | D:3      | Found a bloodstained altar of Trog.
  3655 | D:3      | Learned a level 4 spell: Animate Dead
  3728 | D:4      | Noticed a scorpion
  3733 | D:4      | Killed a scorpion
  3734 | D:4      | Reached skill level 6 in Necromancy
  3734 | D:4      | Gained mutation: You have an extremely huge brain. (Int +4)
                  | [demonic ancestry]
  3734 | D:4      | Reached XP level 5. HP: 33/35 MP: 0/10
  3834 | D:4      | Noticed Eustachio
  3849 | D:4      | Killed Eustachio
  3850 | D:4      | Gained mutation: You have a pair of horns on your head.
                  | [demonic ancestry]
  3850 | D:4      | Reached XP level 6. HP: 14/41 MP: 1/12
  4521 | D:4      | Noticed Pikel
  4596 | D:4      | Slain by Pikel

Illustrated notes

Levels and vault maps discovered:
D:1:      minmay_arrival_five_plusses, layout_basic
D:2:      layout_loops_ring, hangedman_feature_mirror, lemuel_flame_loot_1
D:3:      layout_basic, lemuel_round_altar,
          shapermc_ecumenical_altar_starsandcircs
D:4:      layout_cave_pods, lemuel_mausoleum_altar_kikubaaqudgha,
          uniq_eustachio, uniq_pikel

Skill      XL: |  1  2  3  4  5 |
---------------+----------------+-----
Necromancy     | 5 6 |  6.9
Spellcasting   | 3 4 |  4.8
Dodging        | |  1.7
Stealth        | |  1.7

Action                   |  1- 3 |  4- 6 || total
-------------------------+-------+-------++-------
Melee: Club              |    21 |       ||    21
       Headbutt          |     3 |     2 ||     5
       Dagger            |     3 |     8 ||    11
       Long sword        |       |     4 ||     4
 Cast: Necrotise         |    74 |    74 ||   148
  Use: Scroll            |     4 |     2 ||     6
Armor: Ring mail         |     9 |    36 ||    45
       Leather armour    |       |     4 ||     4
Dodge: Dodged            |    18 |    40 ||    58

Table legend: (Time is in decaauts)
 A = Elapsed time spent in this place.
 B = Non-inter-level travel time spent in this place.
 C = Inter-level travel time spent in this place.
 D = Time resting spent in this place.
 E = Time spent auto-exploring this place.
 F = Levels seen in this place.
 G = Mean time per level.
                   A        B        C        D        E       F      G
               +--------+--------+--------+--------+--------+-----+--------+
         Total |   4603 |   4361 |    242 |    150 |   3602 |   4 | 1150.8 |
       Dungeon |   4603 |   4361 |    242 |    150 |   3602 |   4 | 1150.8 |
               +--------+--------+--------+--------+--------+-----+--------+

Top non-repeatable levels by time:
     D:2: 1304 daAuts
     D:1: 1220 daAuts
     D:3: 1181 daAuts
     D:4: 898 daAuts
